 Dungeon Crawl Stone Soup version 0.29-a0-838-g385bb11a5b (webtiles) character file.

Game seed: 17785662783679600553

16 xian the Sneak (level 2, 0/19 HPs)
             Began as an Octopode Brigand on July 13, 2022.
             Slain by a jackal (1 damage)
             ... on level 1 of the Dungeon.
             The game lasted 00:00:34 (230 turns).

xian the Sneak (Octopode Brigand)                    Turns: 230, Time: 00:00:35

Health: 0/19       AC:  1    Str: 10    XL:     2   Next: 54%
Magic:  2/2        EV: 12    Int: 13    God:
Gold:   16         SH:  0    Dex: 13    Spells: 1/1 levels left

rFire   . . .      SeeInvis .   a - +2 dagger
rCold   . . .      Faith    .   (no shield)
rNeg    . . .      Spirit   .   (helmet restricted)
rPois   .          Reflect  .   (no amulet)
rElec   .          Harm     .   (no ring)
rCorr   .          Rampage  .   (no ring)
Will    .....                   (no ring)
Stlth   ++++......              (no ring)
HPRegen 0.06/turn               (no ring)
MPRegen 0.08/turn               (no ring)
                                (no ring)
                                (no ring)

@: no status effects
A: almost no armour, amphibious, 8 rings, camouflage 1, gelatinous body 1,
(nimble swimmer 1), tentacles
a: no special abilities


You were on level 1 of the Dungeon.
You visited 1 branch of the dungeon, and saw 1 of its levels.

You collected 16 gold pieces.

Inventory:

Hand Weapons
 a - a +2 dagger (weapon)
Missiles
 b - 9 poisoned darts (quivered)
 c - 3 curare-tipped darts
Potions
 d - a potion of might {unknown}


   Skills:
 + Level 2.1 Fighting
 + Level 2.0 Short Blades
 + Level 2.0 Throwing
 + Level 1.0 Dodging
 + Level 6.1 Stealth


You had one spell level left.
You didn't know any spells.
Your spell library was empty.

Dungeon Overview and Level Annotations

Branches:
Dungeon (1/15)

Altars:


Innate Abilities, Weirdness & Mutations

You cannot wear most types of armour.
You are amphibious.
You can wear up to eight rings at the same time.
Your skin changes colour to match your surroundings (Stealth+).
Your rubbery body absorbs attacks. (AC +1, EV +1)
((You are camouflaged when in or above water. (Stealth+)))
You have tentacles for arms and can constrict up to eight enemies at once.


Message History

The jackal closely misses you. The jackal barely misses you.
The jackal barely misses you. The jackal closely misses you.
The jackal attacks as you move away! The jackal bites you.
The jackal closely misses you. x3; The jackal bites you.
You hit the jackal. You grab the jackal.
The jackal is almost dead.
You constrict the jackal.
You kill the jackal!
The jackal bites you.
The jackal bites you but does no damage.
The jackal misses you. The jackal bites you. The jackal barely misses you.
You hit the jackal but do no damage. Your grab misses the jackal.
Your squeeze misses the jackal. The jackal bites you.
The jackal closely misses you. The jackal barely misses you.
You hit the jackal. You grab the jackal.
The jackal is lightly wounded.
You constrict the jackal. The jackal bites you. x2
A dart slug comes into view.
You hit the jackal.
You squeeze the jackal, but do no damage.
The jackal is almost dead.
You constrict the jackal.
You kill the jackal!
The jackal bites you. The jackal barely misses you. The jackal bites you.
* * * LOW HITPOINT WARNING * * *
The jackal bites you.
* * * LOW HITPOINT WARNING * * *
The jackal attacks as you move away! The jackal bites you.
* * * LOW HITPOINT WARNING * * *
The jackal misses you. The jackal barely misses you.
The jackal attacks as you move away! The jackal barely misses you.
You barely miss the jackal. Your grab misses the jackal.
The jackal closely misses you.
You barely miss the jackal. Your grab misses the jackal.
The jackal closely misses you. x2
You closely miss the jackal. You grab the jackal. You constrict the jackal.
The jackal bites you.
You die...

#......# .... #...
####.####.... #...
##....#..... ...
#.....+##... .. #.....#
#>## #.## #.....# # #..#
#.....#
#...###.#####..#### ##
.......@h...w..# #†
#...###.#####..####...#†
# #.# #.†....)# #. #.#
#.......# ## ...
........... # #..
###w......#. # ##.
#..####.# # .. #..# .# #
#..# # #


You could see a dart slug and a jackal.

Vanquished Creatures
  A dart slug (D:1)
  2 endoplasms (D:1)
  A goblin (D:1)
  2 jackals (D:1)
  A quokka (D:1)
  3 bats (D:1)
  A frilled lizard (D:1)
  A rat (D:1)
12 creatures vanquished.

Notes
Turn   | Place    | Note
-------+----------+-------------------------------------------
     0 | D:1      | xian the Octopode Brigand began the quest for the Orb.
     0 | D:1      | Reached XP level 1. HP: 14/14 MP: 1/1
    63 | D:1      | Reached XP level 2. HP: 15/19 MP: 2/2
   144 | D:1      | Reached skill level 6 in Stealth
   230 | D:1      | Slain by a jackal

Illustrated notes

Levels and vault maps discovered:
D:1:      dpeg_arrival_subterranean_lakeside_camping, layout_basic,
          wander_ebering_terrifying_dragon_lair

Skill      XL: |  1  2 |
---------------+-------+-----
Stealth        | 6 |  6.1
Fighting       | |  2.1
Short Blades   | |  2.0
Throwing       | |  2.0
Dodging        | |  1.0

Action                   || total
-------------------------++-------
Melee: Dagger            ||    25
       Tentacles         ||     4
       Constrict         ||     7
 Stab: Sleeping          ||     3
Armor: Skin              ||     5
Dodge: Dodged            ||    32

Table legend: (Time is in decaauts)
 A = Elapsed time spent in this place.
 B = Non-inter-level travel time spent in this place.
 C = Inter-level travel time spent in this place.
 D = Time resting spent in this place.
 E = Time spent auto-exploring this place.
 F = Levels seen in this place.
 G = Mean time per level.
                   A        B        C        D        E       F      G
               +--------+--------+--------+--------+--------+-----+--------+
         Total |    227 |    227 |      0 |      0 |    137 |   1 |  227.0 |
       Dungeon |    227 |    227 |      0 |      0 |    137 |   1 |  227.0 |
               +--------+--------+--------+--------+--------+-----+--------+

Top non-repeatable levels by time:
     D:1: 227 daAuts
